 Dungeon Crawl Stone Soup version 0.29-a0-962-gc8bbfd0a37 (webtiles) character file.

Game seed: 4944903258285502678

259 zeratav the Stinger (level 6, -1/36 HPs)
             Began as an Octopode Venom Mage on July 30, 2022.
             Slain by a scorpion (6 damage)
             ... on level 4 of the Dungeon.
             The game lasted 00:03:20 (4110 turns).

zeratav the Stinger (Octopode Venom Mage)           Turns: 4110, Time: 00:03:20

Health: -1/36      AC:  1    Str:  7    XL:     6   Next: 17%
Magic:  9/9        EV: 13    Int: 19    God:
Gold:   209        SH:  0    Dex: 13    Spells: 6/9 levels left

rFire   . . .      SeeInvis .   d - +0 short sword {short}
rCold   + . .      Faith    .   (no shield)
rNeg    . . .      Spirit   .   (helmet restricted)
rPois   .          Reflect  .   (no amulet)
rElec   .          Harm     .   s - ring of protection from cold
rCorr   +          Rampage  .   v - ring of resist corrosion
Will    .....                   (no ring)
Stlth   ++++......              (no ring)
HPRegen 0.12/turn               (no ring)
MPRegen 0.11/turn               (no ring)
                                (no ring)
                                (no ring)

@: lethally poisoned (-1 -> -6), attractive
A: almost no armour, amphibious, 8 rings, camouflage 1, gelatinous body 1,
(nimble swimmer 1), tentacles
a: no special abilities


You were on level 4 of the Dungeon.
You visited 1 branch of the dungeon, and saw 4 of its levels.

You collected 209 gold pieces.


Innate Abilities, Weirdness & Mutations

You cannot wear most types of armour.
You are amphibious.
You can wear up to eight rings at the same time.
Your skin changes colour to match your surroundings (Stealth+).
Your rubbery body absorbs attacks. (AC +1, EV +1)
((You are camouflaged when in or above water. (Stealth+)))
You have tentacles for arms and can constrict up to eight enemies at once.


   Skills:
 - Level 2.0 Dodging
 - Level 5.0 Stealth
 - Level 2.0 Spellcasting
 - Level 1.0 Transmutations
 + Level 7.2 Poison Magic


You had 6 spell levels left.
You knew the following spells:

 Your Spells              Type           Power      Damage    Failure   Level
a - Sting                 Tmut/Pois      68%        1d6       3%          1
b - Poisonous Vapours     Pois/Air       30%        N/A       6%          2

Your spell library contained the following spells:

 Spells                   Type           Power      Damage    Failure   Level
 Olgreb's Toxic Radiance  Pois           29%        N/A       9%          4
 Necrotise                Necr           4%         1d4       17%         1
 Mephitic Cloud           Conj/Pois/Air  11%        N/A       19%         3
 Dazzling Flash           Conj/Hex       2%         N/A       45%         3
 Vampiric Draining        Necr           1%         2d6       45%         3
 Corpse Rot               Necr/Pois/Air  11%        N/A       52%         4
 Agony                    Necr           1%         N/A       99%         5
 Silence                  Hex/Air        0%         N/A       99%         5

Inventory:

Hand Weapons
 d - a +0 short sword (weapon) {short}
   (You took it off a kobold on level 1 of the Dungeon)
 r - a +2 whip of draining {mace}
   (You found it on level 3 of the Dungeon)
Jewellery
 s - a ring of protection from cold (left tentacle)
   (You found it on level 3 of the Dungeon)
 v - a ring of resist corrosion (right tentacle)
   (You found it on level 4 of the Dungeon)
Scrolls
 b - a scroll of acquirement {unknown}
 c - a scroll of immolation {unknown}
 e - 4 scrolls of identify {unknown}
 g - a scroll of vulnerability {unknown}
 i - a scroll of noise {unknown}
 k - a scroll of enchant armour {unknown}
 o - a scroll of torment {unknown}
 p - 3 scrolls of fear {unknown}
 t - a scroll of silence {unknown}
 u - a scroll of enchant weapon {unknown}
 x - a scroll of poison {unknown}
Potions
 a - a potion of magic
 f - a potion of degeneration {unknown}
 h - a potion of flight {unknown}
 j - a potion of might {unknown}
 l - a potion of berserk rage {unknown}
 m - a potion of attraction {!q}
 n - 2 potions of brilliance {unknown}
 q - a potion of haste {unknown}
 w - 2 potions of curing {unknown}

Dungeon Overview and Level Annotations

Branches:
Dungeon (4/15) Zot: 19877
 Temple: D:4-7

Altars:

Annotations:
D:4 1 runed translucent door, Crazy Yiuf, Ijyb

#.... ########
#####.... #......#
#)..'.... #......#
#.###.... #......#
#.# ###..
#......#####.#####..
#......'>...........
#......#.###.#####..
###@####.# #.# #..
#s# #.# #.# #.. ...
#.# #.# #.. .....
#.# #.# ###
#......#.###.#######
#......#............
#......#####.#######
#......#####'#####
#.........#


You could see a scorpion.


Message History

There is an open door here.
w - 2 viscous dark potions (gained 1)
You now have 198 gold pieces (gained 11).
You open the door.
A ball python comes into view.
There is an open door here.
The helpless ball python fails to defend itself.
You puncture the ball python!
You kill the ball python!
No target in view!
No target in view!
No target in view!
No target in view!
No target in view!
No target in view!
No target in view!
No target in view!
No target in view!
No target in view!
No target in view!
No target in view!
No target in view!
No target in view!
No target in view!
You open the door.
There is an open door here.
You see here 3 stones {throwing}.
You open the door.
There is an open door here.
There is an open door here.
There is a stone staircase leading down here.
You open the door.
There is an open door here.
You now have 209 gold pieces (gained 11).
As you open the door, it creaks loudly!
A scorpion and 2 adders come into view.
The adder hisses angrily. x2
The adder bites you.
You are poisoned.
The adder poisons you!
HP[-2]
You take 2 damage, and now have 34/36 hp.
You closely miss the adder. Your grab misses the adder.
You feel sick. The adder bites you.
HP[-4]
You take 4 damage, and now have 30/36 hp.
You barely miss the adder. You grab the adder. You constrict the adder.
You feel sick. The adder bites you but does no damage.
The adder completely misses you.
HP[-1]
You take 1 damage, and now have 29/36 hp.
You hit the adder. You squeeze the adder.
You kill the adder!
You feel sick. The adder barely misses you.
HP[-1]
You take 1 damage, and now have 28/36 hp.
You closely miss the adder. Your grab misses the adder.
You feel sick. The adder bites you but does no damage.
HP[-1]
You take 1 damage, and now have 27/36 hp.
You hit the adder. You grab the adder. You constrict the adder.
You feel sick.
You are no longer poisoned.
The adder misses you. The adder barely misses you.
HP[-1]
You take 1 damage, and now have 26/36 hp.
You hit the adder. You squeeze the adder. You constrict the adder.
The adder bites you.
You are poisoned.
The adder poisons you!
HP[-3]
You take 3 damage, and now have 23/36 hp.
You hit the adder. You squeeze the adder.
You kill the adder!
You feel sick. The scorpion stings you.
HP[-4]
You take 4 damage, and now have 19/36 hp.
You hit the scorpion but do no damage. Your grab misses the scorpion.
Your squeeze misses the scorpion.
You feel sick. The scorpion closely misses you.
You barely miss the scorpion. Your grab misses the scorpion.
You feel sick. The scorpion closely misses you.
HP[-1]
You take 1 damage, and now have 18/36 hp.
You are too injured to fight recklessly!
You hit the scorpion. Your grab misses the scorpion.
You feel sick.
You are no longer poisoned.
The scorpion stings you.
* * * LOW HITPOINT WARNING * * *
The scorpion stings you!
* * * LOW HITPOINT WARNING * * *
You are lethally poisoned!
The scorpion poisons you!
HP[-11]
You take 11 damage, and now have 7/36 hp.
MASSIVE DAMAGE!! (PAUSE) It was a potion of attraction.
You feel attractive to monsters.
* * * LOW HITPOINT WARNING * * *
You feel sick. The scorpion stings you.
You die...

Skill      XL: |  1  2  3  4  5  6 |
---------------+-------------------+-----
Stealth        | 3 4 5 |  5.0
Poison Magic   | 4 5 6 7 |  7.2
Dodging        | |  2.0
Spellcasting   | |  2.0
Transmutations | |  1.0

Action                   |  1- 3 |  4- 6 || total
-------------------------+-------+-------++-------
Melee: Unarmed           |     2 |       ||     2
       Constrict         |    13 |    24 ||    37
       Short sword       |    51 |    80 ||   131
       Tentacles         |    10 |    28 ||    38
       Whip              |       |    18 ||    18
       Punch             |       |     1 ||     1
 Cast: Sting             |     9 |       ||     9
  Use: Potion            |       |     1 ||     1
 Stab: Sleeping          |     6 |    14 ||    20
Armor: Skin              |     5 |     6 ||    11
Dodge: Dodged            |    37 |    51 ||    88

Levels and vault maps discovered:
D:1:      wander_arrival_chamber, layout_basic,
          shapermc_ecumenical_altar_flowoftime
D:2:      layout_loops_ring
D:3:      layout_loops_ring
D:4:      layout_basic, uniq_ijyb, uniq_crazy_yiuf_cottage

Notes
Turn   | Place    | Note
-------+----------+-------------------------------------------
     0 | D:1      | zeratav the Octopode Venom Mage began the quest for the
                  | Orb.
     0 | D:1      | Reached XP level 1. HP: 11/11 MP: 3/3
     0 | D:1      | magus.rc [v1.9.6]
    86 | D:1      | Reached skill level 3 in Stealth
   261 | D:1      | Found a faded altar of an unknown god.
   292 | D:1      | Reached XP level 2. HP: 17/17 MP: 1/5
   351 | D:1      | Reached skill level 4 in Poison Magic
   354 | D:1      | Learned a level 2 spell: Poisonous Vapours
   722 | D:1      | You pick up a book of Necromancy and begin reading...
   722 | D:1      | You add the spells Necrotise, Vampiric Draining and Agony
                  | to your library.
   931 | D:1      | You pick up a book of Vapours and begin reading...
  1288 | D:2      | Reached XP level 3. HP: 19/21 MP: 6/6
  1297 | D:2      | Reached skill level 4 in Stealth
  1712 | D:2      | Reached XP level 4. HP: 26/27 MP: 7/7
  1885 | D:2      | Reached skill level 5 in Poison Magic
  2037 | D:2      | Reached skill level 5 in Stealth
  2188 | D:3      | Reached XP level 5. HP: 23/31 MP: 8/8
  2541 | D:3      | You pick up a book of the Senses and begin reading...
  2541 | D:3      | You add the spells Dazzling Flash and Silence to your
                  | library.
  2720 | D:3      | Reached skill level 6 in Poison Magic
  3067 | D:4      | Noticed a phantom
  3089 | D:4      | HP: 2/31 [phantom (6)]
  3090 | D:4      | Killed a phantom
  3408 | D:4      | Reached XP level 6. HP: 26/36 MP: 9/9
  3415 | D:4      | Reached skill level 7 in Poison Magic
  3668 | D:4      | Found a runed translucent door.
  3669 | D:4      | Noticed Crazy Yiuf
  3881 | D:4      | Noticed Ijyb
  4109 | D:4      | HP: 7/36 [scorpion (8)]
  4110 | D:4      | Slain by a scorpion

Vanquished Creatures
  A phantom (D:4)
  A jelly (D:3)
  8 adders
  2 dart slugs
  9 orcs
  3 bats
  2 endoplasms
  2 giant cockroaches
  6 goblins
  3 hobgoblins
  5 jackals
  3 quokkas
  8 ball pythons
  2 frilled lizards
  10 kobolds
  6 rats
71 creatures vanquished.

Table legend:
 A = Non-vault XP
 B = Vault XP
 C = Vault XP percentage of total XP
 D = Non-vault monster count
 E = Vault monster count
 F = Vault count percentage of total count
                 A         B        C        D         E       F
            +---------+---------+-------+---------+---------+-------
      Total |     370 |       0 |   0.0 |      71 |       0 |   0.0
            +---------+---------+-------+---------+---------+-------
        D:1 |      30 |       0 |   0.0 |      18 |       0 |   0.0
        D:2 |     105 |       0 |   0.0 |      23 |       0 |   0.0
        D:3 |      80 |       0 |   0.0 |      17 |       0 |   0.0
        D:4 |     155 |       0 |   0.0 |      13 |       0 |   0.0
            +---------+---------+-------+---------+---------+-------

Illustrated notes

Table legend:
 A = Kills in this place as a percentage of kills in entire the game.
 B = Kills by you in this place as a percentage of kills by you in the entire game.
 C = Kills by friends in this place as a percentage of kills by friends in the entire game.
 D = Other kills in this place as a percentage of other kills in the entire game.
 E = Experience gained in this place as a percentage of experience gained in the entire game.
 F = Experience gained in this place divided by the number of levels of this place that you have seen.
                   A       B       C       D       E      F
               +-------+-------+-------+-------+-------+----------------------
         Total | 100.0 | 100.0 |   N/A |   N/A | 100.0 |  92.5
       Dungeon | 100.0 | 100.0 |   N/A |   N/A | 100.0 |  92.5
               +-------+-------+-------+-------+-------+----------------------

Table legend: (Time is in decaauts)
 A = Elapsed time spent in this place.
 B = Non-inter-level travel time spent in this place.
 C = Inter-level travel time spent in this place.
 D = Time resting spent in this place.
 E = Time spent auto-exploring this place.
 F = Levels seen in this place.
 G = Mean time per level.
                   A        B        C        D        E       F      G
               +--------+--------+--------+--------+--------+-----+--------+
         Total |   4121 |   4018 |    103 |    287 |   3261 |   4 | 1030.2 |
       Dungeon |   4121 |   4018 |    103 |    287 |   3261 |   4 | 1030.2 |
               +--------+--------+--------+--------+--------+-----+--------+

Top non-repeatable levels by time:
     D:1: 1277 daAuts
     D:4: 1058 daAuts
     D:3: 897 daAuts
     D:2: 887 daAuts
